 Dungeon Crawl Stone Soup version 0.30.2 (webtiles) character file.

Game seed: 12382565675395916834

60 porpoise the Chopper (level 3, -1/28 HPs)
             Began as a Demonspawn Gladiator on Jan 28, 2024.
             Slain by a kobold brigand
             ... wielding a +0 club
              (4 damage)
             ... in a sewer.
             The game lasted 00:05:20 (1621 turns).

porpoise the Chopper (Demonspawn Gladiator)         Turns: 1621, Time: 00:05:25

Health: -1/28      AC:  6    Str: 16    XL:     3   Next: 82%
Magic:  3/3        EV: 11    Int: 11    God:
Gold:   114        SH:  0    Dex: 14    Spells: 2/2 levels left

rFire   . . .        a - +0 war axe
rCold   . . .        (no shield)
rNeg    . . .        h - +0 ring mail
rPois   .            c - +0 helmet
rElec   .            (no cloak)
rCorr   .            (no gloves)
SInv    .            (no boots)
Will    .....        (no amulet)
Stlth   +            (no ring)
HPRegen 0.24/turn    (no ring)
MPRegen 0.08/turn

%: no passive effects
@: no status effects
A: big brain 1
a: no special abilities


You were in a sewer.
You visited 1 branch of the dungeon, and saw 3 of its levels.
You also visited: Sewer.

You collected 114 gold pieces.

Inventory:

Hand Weapons
 a - a +0 war axe (weapon)
 b - a +0 sling
Missiles
 d - 3 throwing nets (quivered)
 e - 5 javelins
 f - 3 poisoned darts
Armour
 c - a +0 helmet (worn)
 h - a +0 ring mail (worn)
Magical Staves
 m - a staff of air
Scrolls
 j - a scroll of noise
 k - a scroll of fear {unknown}
 l - a scroll of poison {unknown}
 s - a scroll of fog
Potions
 i - 2 potions of might
 n - a potion of flight
 o - a potion of brilliance
 p - a potion of attraction {unknown}
 r - 2 potions of lignification
 t - a potion of curing {unknown}


   Skills:
 + Level 2.7 Fighting
 + Level 3.2 Axes
 + Level 2.3 Throwing
 + Level 3.1 Dodging


You had 2 spell levels left.
You didn't know any spells.
Your spell library was empty.

Dungeon Overview and Level Annotations

Branches:
Dungeon (3/15)              Sewer (1/1)

Altars:


Innate Abilities, Weirdness & Mutations

You have an unusually large brain. (Int +2)


Message History

You slash the kobold!
You kill the kobold!
The kobold brigand barely misses you.
You hit the kobold brigand but do no damage.
The kobold brigand is lightly wounded.
You hit the kobold. The kobold hits you with a +0 whip.
The kobold brigand closely misses you. The kobold closely misses you.
The kobold brigand hits you with a +0 club.
You hit the kobold but do no damage.
The kobold is moderately wounded.
You hit the kobold brigand. The kobold hits you but does no damage.
The kobold brigand misses you.
You hit the kobold brigand.
The kobold brigand is moderately wounded.
You closely miss the kobold. The kobold hits you but does no damage.
The kobold brigand barely misses you.
You slash the kobold brigand!
The kobold brigand is heavily wounded.
You hit the kobold. The kobold hits you but does no damage.
The kobold brigand misses you. The kobold hits you but does no damage.
The kobold brigand hits you with a +0 club.
You hit the kobold brigand.
You punch the kobold brigand, but do no damage.
The kobold brigand is heavily wounded.
You barely miss the kobold. The kobold barely misses you.
The kobold brigand hits you with a +0 club.
* * * LOW HITPOINT WARNING * * *
You hit the kobold brigand.
The kobold brigand is severely wounded.
You hit the kobold but do no damage. The kobold misses you.
The kobold brigand hits you with a +0 club.
* * * LOW HITPOINT WARNING * * *
You hit the kobold brigand but do no damage.
The kobold brigand is severely wounded.
You hit the kobold but do no damage. The kobold hits you but does no damage.
The kobold brigand hits you with a +0 club.
* * * LOW HITPOINT WARNING * * *
The kobold misses you.
The kobold brigand hits you with a +0 club.
You die...

### #..# ...
..## ...#
... #≈
###K####≈#
#.@K.~≈≈≈≈
##....~≈≈≈≈
#....~≈≈≈≈≈
#.....~≈≈≈≈
##...~≈≈≈≈≈
#...~~≈≈≈≈
##...~~≈≈≈≈
##....~≈~≈≈≈
#.†...~~≈≈≈≈


You could see a kobold brigand and a kobold.

Vanquished Creatures
  2 dart slugs (D:1)
  An orc (D:2)
  6 ball pythons
  An endoplasm (D:1)
  3 giant cockroaches
  4 goblins
  3 hobgoblins
  2 jackals
  6 kobolds
  2 quokkas (D:1)
  8 bats
  3 frilled lizards
  14 rats
55 creatures vanquished.

Notes
Turn   | Place    | Note
-------+----------+-------------------------------------------
     0 | D:1      | porpoise the Demonspawn Gladiator began the quest for the
                  | Orb.
     0 | D:1      | Reached XP level 1. HP: 16/16 MP: 1/1
   100 | D:1      | Gained mutation: You have an unusually large brain. (Int
                  | +2) [demonic ancestry]
   100 | D:1      | Reached XP level 2. HP: 22/22 MP: 2/2
   677 | D:1      | Reached XP level 3. HP: 28/28 MP: 3/3
  1563 | D:3      | Found a glowing drain.
  1574 | Sewer    | Entered a sewer
  1608 | Sewer    | Noticed a kobold brigand
  1621 | Sewer    | Slain by a kobold brigand

Illustrated notes

Levels and vault maps discovered:
D:1:      mainiacjoe_arrival_reflecting_pool, layout_basic, st_stairs_5
D:2:      layout_rooms
D:3:      layout_basic, cheibrodos_sewer_entry_sluice, serial_shops, shop
Sewer:    sewer_minmay_treatment

Skill      XL: |  1  2 |
---------------+-------+-----
Throwing       | 2 |  2.3
Axes           | 3 |  3.2
Dodging        | 3 |  3.1
Fighting       | |  2.7

Action                     || total
---------------------------++-------
  Melee: War axe           ||    27
         Punch             ||     1
   Fire: Sling             ||   132
    Use: Scroll            ||     7
 Armour: Ring mail         ||    35
  Dodge: Dodged            ||    66
